 Dungeon Crawl Stone Soup version 0.30-a0-374-g95c0257040 (webtiles) character file.

Game seed: 5013588992583508341

1425633 Twinkles the Slayer (level 27, 192/192 HPs)
             Began as a Gargoyle Hunter on Nov 23, 2022.
             Was a High Priest of Fedhas.
             Escaped with the Orb
             ... and 3 runes on Nov 25, 2022!
             The game lasted 10:09:56 (104066 turns).

Twinkles the Slayer (Gargoyle Hunter)             Turns: 104066, Time: 10:09:56

Health: 192/192    AC: 60    Str: 27      XL:     27
Magic:  35/39      EV: 25    Int:  3 (5)  God:    Fedhas [*****.]
Gold:   6524       SH:  0    Dex: 25      Spells: 21/26 levels left

rFire   + . .      SeeInvis +    a - +9 longbow (elec)
rCold   + . .      Faith    +    (shield currently unavailable)
rNeg    + + .      Spirit   .    W - +6 pearl dragon scales
rPois   ∞          Reflect  .    g - +2 helmet {SInv}
rElec   +          Harm     .    e - +2 cloak {Stlth+}
rCorr   +          Rampage  .    k - +0 pair of gloves {Str+3}
Will    ++++.                    L - +3 pair of mountain boots {steadfast, rC+}
Stlth   +++.......               V - amulet of faith
HPRegen 0.52/turn                l - ring of resist corrosion
MPRegen 0.26/turn                q - ring of Civuolem {rF+ Will++ Str+5 Int-5}

@: flying, studying 4 skills
A: sickness immunity, AC +20, big wings, negative energy resistance 1,
electricity resistance, torment resistance 1, petrification resistance, thin
skeletal structure 1, noise suppression
0: Orb of Zot
}: 3/15 runes: decaying, slimy, gossamer
a: Renounce Religion, Wall of Briars, Grow Ballistomycete, Overgrow, Grow Oklob


You escaped.
You worshipped Fedhas.
Fedhas was extremely pleased with you.
You visited 12 branches of the dungeon, and saw 55 of its levels.
You also visited: Wizlab.

You collected 8892 gold pieces.
You spent 2368 gold pieces at shops.

Inventory:

Hand Weapons
 a - a +9 longbow of electrocution (weapon)
 b - the +9 longbow "Afrie" {freeze, Str+3 Int+3}
   (You found it on level 4 of the Depths)

   Any ammunition fired from it freezes those it strikes, dealing additional
   cold damage.
   It can also slow down cold-blooded creatures.
   Str:       It affects your strength (+3).
   Int:       It affects your intelligence (+3).
 c - the +7 sling of the Hurting Saviour {antimagic, rC+ Dex+4}
   (You found it on level 2 of the Lair of Beasts)

   It reduces the magical energy of the wielder, and disrupts the spells and
   magical abilities of those it strikes.
   Natural abilities and divine invocations are not affected.
   Dex:       It affects your dexterity (+4).
   rC:        It protects you from cold.
 Z - a +9 antimagic lajatang
Missiles
 o - 6 throwing nets
 B - 10 curare-tipped darts
Armour
 e - a +2 cloak of stealth (worn)
 g - a +2 helmet of see invisible (worn)
 k - a +0 pair of gloves of strength (worn)
 n - the +1 pair of boots of Exclusion {rF+ Will+ Int+2}
   (You found it on level 1 of the Swamp)

   Int:       It affects your intelligence (+2).
   rF:        It protects you from fire.
   Will:      It increases your willpower.
 L - the +3 pair of mountain boots (worn) {steadfast, rC+}
   (You found it on level 2 of the Depths)

   It prevents involuntary movement, except for blinking, teleportation, or
   banishment.
   rC:        It protects you from cold.
 W - +6 pearl dragon scales (worn)
Jewellery
 f - the ring "Aryoc" {+Blink rC- Will+ Str+4}
   (You found it in a wizard's laboratory)

   [ring of willpower]

   Str:       It affects your strength (+4).
   rC:        It makes you vulnerable to cold.
   +Blink:    It lets you blink.
   Will:      It increases your willpower.
 h - a ring of fire
 l - a ring of resist corrosion (left hand)
 m - a +4 ring of protection
 q - the ring of Civuolem (right hand) {rF+ Will++ Str+5 Int-5}
   (You took it off a spriggan berserker on level 2 of the Depths)

   [ring of protection from fire]

   Str:       It affects your strength (+5).
   Int:       It affects your intelligence (-5).
   rF:        It protects you from fire.
   Will:      It greatly increases your willpower.
 r - a +6 ring of dexterity
 s - the ring of the Ancient Violins {Wiz rPois rC- rN+ Str+3}
   (You found it on level 4 of the Depths)

   [ring of wizardry]

   It improves your spell success rate.
   Str:       It affects your strength (+3).
   rC:        It makes you vulnerable to cold.
   rPois:     It protects you from poison.
   rN:        It protects you from negative energy.
 t - the amulet of Conversion {Spirit +Blink Str+3}
   (You found it on level 5 of the Pits of Slime)

   [amulet of guardian spirit]

   It causes incoming damage to be divided between your reserves of health and
   magic.
   Str:       It affects your strength (+3).
   +Blink:    It lets you blink.
 v - a ring of protection from cold
 x - an amulet of regeneration
 V - an amulet of faith (around neck)
Wands
 i - a wand of iceblast (72)
 j - a wand of polymorph (26)
 p - a wand of paralysis (54)
 y - a wand of mindburst (33)
 z - a wand of quicksilver (21)
Scrolls
 u - 7 scrolls of poison
 D - 3 scrolls of blinking
 E - 6 scrolls of fear
 F - 9 scrolls of fog
 K - 15 scrolls of immolation
 O - a scroll of silence
 S - 10 scrolls of summoning
 X - 2 scrolls of magic mapping
 Y - 11 scrolls of teleportation
Potions
 A - 10 potions of attraction
 C - 5 potions of cancellation
 G - 7 potions of ambrosia
 H - 2 potions of haste
 I - 5 potions of invisibility
 J - 26 potions of curing
 M - 5 potions of might
 N - a potion of heal wounds
 P - 8 potions of lignification
 Q - 5 potions of magic
 R - 8 potions of resistance
 T - 8 potions of berserk rage
 U - 19 potions of mutation
Miscellaneous
 w - a phial of floods


   Skills:
 + Level 24.9 Fighting
 - Level 14.0 Staves
 - Level 22.0 Ranged Weapons
 - Level 3.2 Throwing
 - Level 20.0 Armour
 - Level 17.1 Dodging
 - Level 15.0 Stealth
 - Level 10.1 Hexes
 - Level 3.3 Translocations
 - Level 8.7 Transmutations
 + Level 24.2 Invocations


You had 21 spell levels left.
You knew the following spells:

 Your Spells              Type           Power      Damage    Failure   Level
a - Portal Projectile     Hex/Tloc       8%         N/A       21%         3
b - Wereblood             Tmut           5%         N/A       4%          2

Your spell library contained the following spells:

 Spells                   Type           Power      Damage    Failure   Level
 Beastly Appendage        Tmut           10%        N/A       3%          1
 Tukima's Dance           Hex            6%         N/A       4%          3
 Cause Fear               Hex            3%         N/A       16%         4
 Sting                    Tmut/Pois      8%         1d3       19%         1
 Ensorcelled Hibernation  Hex/Ice        6%         N/A       21%         2
 Apportation              Tloc           4%         N/A       26%         1
 Passwall                 Tmut/Erth      1%         N/A       26%         2
 Dazzling Flash           Conj/Hex       6%         N/A       36%         3
 Inner Flame              Hex/Fire       3%         N/A       36%         3
 Summon Guardian Golem    Hex/Summ       3%         N/A       36%         3
 Blink                    Tloc           4%         N/A       38%         2
 Spider Form              Tmut/Pois      2%         N/A       47%         3
 Yara's Violent Unravell  Hex/Tmut       2%         3d3       52%         5
 Momentum Strike          Conj/Tloc      0%         3d8       63%         2
 Gell's Gravitas          Tloc           2%         N/A       63%         3
 Lesser Beckoning         Tloc           4%         N/A       63%         3
 Teleport Other           Tloc           2%         N/A       63%         3
 Blade Hands              Tmut           2%         N/A       63%         5
 Ignite Poison            Fire/Tmut/Pois 1%         N/A       69%         3
 Freeze                   Ice            0%         1d3       71%         1
 Magic Dart               Conj           0%         1d3       71%         1
 Necrotise                Necr           0%         1d4       71%         1
 Sandblast                Erth           0%         2d4       71%         1
 Shock                    Conj/Air       0%         1d3       71%         1
 Summon Small Mammal      Summ           0%         N/A       71%         1
 Anguish                  Hex/Necr       1%         N/A       78%         4
 Leda's Liquefaction      Hex/Erth       1%         N/A       78%         4
 Call Imp                 Summ           0%         N/A       85%         2
 Poisonous Vapours        Pois/Air       0%         N/A       85%         2
 Static Discharge         Conj/Air       0%         2-2/arc   85%         2
 Vhi's Electric Charge    Tloc/Air       0%         N/A       86%         3
 Petrify                  Tmut/Erth      2%         N/A       87%         4
 Manifold Assault         Tloc           2%         N/A       95%         4
 Passage of Golubria      Tloc           2%         N/A       95%         4
 Call Canine Familiar     Summ           0%         N/A       97%         3
 Mephitic Cloud           Conj/Pois/Air  0%         N/A       97%         3
 Ozocubu's Armour         Ice            0%         N/A       97%         3
 Stone Arrow              Conj/Erth      0%         3d7       97%         3
 Swiftness                Air            0%         N/A       97%         3
 Metabolic Englaciation   Hex/Ice        1%         N/A       98%         5
 Silence                  Hex/Air        1%         N/A       98%         5
 Summon Mana Viper        Hex/Summ       3%         N/A       98%         5
 Iskenderun's Mystic Bla  Conj/Tloc      0%         2d3       99%         4
 Irradiate                Conj/Tmut      1%         3d12      99%         5
 Airstrike                Air            0%         2d(0-16)  100%        4
 Animate Dead             Necr           0%         N/A       100%        4
 Dispel Undead            Necr           0%         3d6       100%        4
 Flame Wave               Conj/Fire      0%         2d4       100%        4
 Olgreb's Toxic Radiance  Pois           0%         N/A       100%        4
 Sticky Flame             Conj/Fire      0%         2d3       100%        4
 Summon Ice Beast         Ice/Summ       0%         N/A       100%        4
 Arcjolt                  Conj/Air       0%         1d10      100%        5
 Borgnjor's Vile Clutch   Necr/Erth      0%         N/A       100%        5
 Fireball                 Conj/Fire      0%         3d3       100%        5
 Freezing Cloud           Conj/Ice/Air   0%         6-21      100%        5
 Lee's Rapid Deconstruct  Erth           0%         3d4*      100%        5
 Lightning Bolt           Conj/Air       0%         1d11      100%        5
 Summon Forest            Summ/Tloc      0%         N/A       100%        5
 Conjure Ball Lightning   Conj/Air       0%         3x3d6     100%        6
 Death Channel            Necr           0%         N/A       100%        6
 Dispersal                Tloc           1%         N/A       100%        6
 Simulacrum               Ice/Necr       0%         N/A       100%        6
 Starburst                Conj/Fire      0%         6d3       100%        6
 Summon Cactus Giant      Summ           0%         N/A       100%        6
 Dragon Form              Tmut           2%         N/A       100%        7
 Enfeeble                 Hex            3%         N/A       100%        7
 Malign Gateway           Summ/Tloc      0%         N/A       100%        7
 Monstrous Menagerie      Summ           0%         N/A       100%        7
 Orb of Destruction       Conj           0%         9d5       100%        7
 Ozocubu's Refrigeration  Ice            0%         4d7       100%        7
 Spellforged Servitor     Conj/Summ      0%         N/A       100%        7
 Storm Form               Tmut/Air       1%         N/A       100%        7
 Discord                  Hex            3%         N/A       100%        8
 Disjunction              Tloc           1%         N/A       100%        8
 Ignition                 Fire           0%         3d3       100%        8
 Lehudib's Crystal Spear  Conj/Erth      0%         10d2      100%        8
 Maxwell's Capacitive Co  Air            0%         ∞         100%        8
 Dragon's Call            Summ           0%         N/A       100%        9
 Cigotuvi's Dreadful Rot  Necr/Pois/Air  Unusable   N/A       N/A         2
 Statue Form              Tmut/Erth      Unusable   N/A       N/A         6

Dungeon Overview and Level Annotations

Branches:
Dungeon (15/15)            Temple (1/1) D:5            Lair (5/5) D:8
  Swamp (4/4) Lair:2       Spider (4/4) Lair:3        Slime (5/5) Lair:4
    Orc (2/2) D:9             Elf (3/3) Orc:2        Vaults (4/5) D:14
  Crypt (3/3) Vaults:3       Tomb (0/3) Crypt:3      Depths (4/4) D:15
    Zot (5/5) Depths:4     WizLab (visited)

Altars:
Ashenzari
Cheibriados
Dithmenos
Elyvilon
Fedhas
Gozag
Hepliaklqana
Kikubaaqudgha
Makhleb
Nemelex Xobeh
Okawaru
Qazlal
Ru
Sif Muna
Trog
Uskayaw
Vehumet
Wu Jian
Xom
Yredelemnul
Zin
The Shining One
Jiyva

Shops:
D:2 [   D:6 :   D:8 (   D:15 [   Orc:1 :   Orc:2 *!*[:   Elf:1 (   Elf:3 [
Vaults:2 *   Vaults:3 *   Vaults:4 (   Depths:3 (

Portals:
Hell: Depths:1 Depths:2 Depths:3 Depths:4
Abyss: Depths:1 Depths:3
Pandemonium: Orc:2 Depths:2
Ziggurat: Depths:3

Annotations:
Spider:1 2 transporters, exclusion: orange crystal statue
Elf:1 6 runed translucent doors
Depths:1 1 runed translucent door, exclusions: door and 1 more exclusion, Tuashofa's ghost, adept FeVM
Zot:2 1 runed translucent door, KennySheep's ghost, veteran OgCj


Innate Abilities, Weirdness & Mutations

You are immune to sickness and miasma.
Your stone body is resilient. (AC +20)
You are immune to poison.
Your large and strong wings let you fly.
You resist negative energy. (rN+)
You are resistant to electric shocks. (rElec)
You are resistant to unholy torment.
You are immune to petrification.
You have a somewhat thin skeletal structure. (Dex +2, Stealth+)
You passively dampen the noise of your surroundings.


Message History

Where to? (Enter - D:1 @ (x,y), ? - help)
What level of the Dungeon? (default 1, ? - help) Magic restored.
There is an escape hatch in the ceiling here.
A mysterious force pulls you upwards. The hatch slams shut behind you.
A neqoxec comes into view.
There is a stone staircase leading up here.
You shoot an arrow. The arrow hits the neqoxec!!
The neqoxec is heavily wounded.
You shoot an arrow. The arrow hits the neqoxec!
You kill the neqoxec!
Fedhas accepts your kill.
(D) Dungeon (T) Temple (L) Lair (S) Swamp (N) Spider Nest (M) Slime Pits (O) Orcish Mines (E) Elven Halls (V) Vaults (C) Crypt (W) Tomb (U) Depths (H) Hell (Z) Zot
Where to? (Enter - D:1 @ (x,y), ? - help)
What level of the Dungeon? (default 1, ? - help)
You fly upwards.
There is a stone staircase leading down here.
There is a fountain of clear blue water here.
There is an open door here.
There is a staircase leading out of the dungeon here.
Really quaff the potion of mutation?
You feel extremely strange.
You feel more energetic.
Your fingernails shrink to normal size.
You feel weaker.
Unknown command.
Really quaff the potion of mutation?
You feel extremely strange.
You feel stronger.
Your bones become slightly less dense.
You feel your surroundings grow quieter.
A sixfirhy comes into view.
Unknown command.
Unknown command.
Unknown command.
Unknown command.
Unknown command.
Unknown command.
You have escaped!

###.###.#..# #.#
###.##########
........#..#
#.###............#
###........#
#.......########.#
####.###.#####.###...#
#.#
#.....3...........#
#.#
#####.##..........#
#.# #.#..⌠.).⌠....#
###.# #.#...#'#.....#
#.... ######
#.....#@#.....#
####.### .....#
####..###....## #....#
# ####.#
#.⌠...⌠...####.##.###
#.#
#............#.##....
#.#
#####..##.##.#.######
#.# ##....##.#.# #.#
##.####.#.# #.# #.#
#.#.# ####.## #.#
#.#.##


You could see a sixfirhy (wandering).

Vanquished Creatures
  the Royal Jelly (Slime:5)
  5 dread liches (Zot:5)
  3 orbs of fire
  3 ancient liches (Zot:5)
  2 juggernauts (Depths:4)
  4 Killer Klowns (Zot:5)
  Bai Suzhen (Elf:3)
  the Lernaean hydra (Swamp:4)
  2 curse toes
  Nikola (Vaults:3)
  10 golden dragons
  A mutant beast (WizLab)
  2 doom hounds (Crypt:2)
  2 bone dragons
  A Brimstone Fiend (D:14)
  5 electric golems
  A shard shrike zombie (Crypt:2)
  16 tentacled monstrosities
  25 Orb Guardians
  Jorgrun (Spider:1)
  Asterion (Depths:2)
  3 deep elf master archers (Elf:3)
  2 deep elf blademasters
  5 liches
  Grunn (Crypt:2)
  The ghost of jfcaron the Severer, an adept MeFi of Qazlal (Spider:3)
  A walking frostbound tome (Depths:4)
  8 quicksilver dragons
  Mlioglotl (Spider:2)
  15 acid blobs
  3 sphinxes
  A titan (Depths:2)
  12 death cobs
  2 ancient champions
  18 storm dragons
  Roxanne (Spider:1)
  7 tengu reavers
  9 fire giants
  8 draconian monks
  4 shadow dragons
  4 draconian knights
  6 rockslimes
  2 fenstrider witches
  6 azure jellies
  2 revenants
  7 draconian scorchers
  Aizul (Vaults:1)
  10 emperor scorpions
  9 deep elf sorcerers (Elf:3)
  10 ghost moths
  17 frost giants
  6 iron dragons
  A curse skull (Crypt:3)
  2 juggernaut zombies (Crypt:3)
  A vault warden (Vaults:4)
  3 draconian stormcallers
  12 draconian shifters
  2 quicksilver oozes (Slime:5)
  7 ghouls
  11 ironbound preservers
  4 deep elf elementalists (Elf:3)
  6 draconian annihilators
  3 war gargoyles (Crypt:3)
  46 very ugly things
  11 stone giants
  A caustic shrike skeleton (Crypt:3)
  6 ironbound thunderhulks
  16 green draconians
  7 vampire knights
  The ghost of Laraso the Grappler, a journeyman DrTm of Uskayaw (Lair:5)
  4 bunyips
  9 deep elf annihilators (Elf:3)
  6 deep elf demonologists
  Azrael (Elf:1)
  16 red draconians
  An eleionoma (Swamp:2)
  16 white draconians
  4 dire elephants (Vaults:1)
  12 black draconians
  19 purple draconians
  15 yellow draconians
  4 spark wasps
  3 eidola
  9 ettins
  A blizzard demon (Depths:3)
  7 deep elf death magi
  12 jiangshi
  A merfolk javelineer (Depths:2)
  14 fire dragons
  A mummy priest (Crypt:3)
  8 deep elf high priests
  2 entropy weavers (Spider:2)
  Harold (D:9)
  14 great orbs of eyes
  5 rakshasas
  A spriggan zombie (Crypt:3)
  10 yaktaur captains
  2 quicksilver dragon skeletons
  12 ice dragons
  4 catoblepae
  4 ironbound frosthearts
  5 vault guards
  2 spriggan air magi
  19 hydras
  2 jorogumos (Spider:2)
  A hell beast (Depths:1)
  A salamander tyrant (Depths:3)
  2 death knights (Vaults:3)
  2 centaur warriors (D:15)
  2 two-headed ogres
  3 radroaches (Spider:2)
  5 deep troll shamans
  3 demonspawn (Orc:2)
  A spriggan skeleton (D:15)
  13 alligators
  10 boulder beetles
  10 deep troll earth magi
  27 dancing weapons
  7 vampire magi
  A death scarab (Spider:3)
  4 orc high priests (Orc:2)
  An alligator (shapeshifter) (Depths:2)
  16 death yaks
  4 tengu warriors
  A titan zombie (Vaults:2)
  6 spriggan berserkers
  Urug (Orc:1)
  19 deep elf knights
  4 soul eaters
  17 hell knights
  A spectral emperor scorpion (Spider:3)
  A titan skeleton (Crypt:2)
  A shadow wraith (Crypt:2)
  2 emperor scorpion zombies (Spider:2)
  9 sun demons
  A sixfirhy (D:11)
  Amaemon (D:9)
  2 iron trolls
  39 skeletal warriors
  3 salamander mystics
  3 storm dragon skeletons
  A sun moth (Spider:2)
  4 pharaoh ants
  2 cherubim
  5 goliath frogs
  47 deep trolls
  4 glowing orange brains
  2 flayed ghosts (Crypt:2)
  6 spriggan druids
  A fire crab (Lair:4)
  13 orb spiders
  6 bog bodies
  A bunyip skeleton (Crypt:3)
  A spectral jorogumo (Spider:3)
  9 swamp dragons
  An orange crystal statue (Zot:5)
  4 death drakes
  7 steelbarb worms
  2 broodmother zombies (Spider:2)
  10 deep elf archers
  11 ironbound convokers
  Pikel (D:8)
  3 wizards
  A lindwurm (shapeshifter) (Depths:4)
  6 lindwurms
  2 spectral broodmothers (Spider:3)
  10 orc knights
  A golden dragon skeleton (Crypt:1)
  An anaconda skeleton (Crypt:2)
  3 harpies (D:13)
  45 ugly things
  22 deep elf pyromancers
  16 necromancers
  4 jorogumo zombies (Spider:2)
  27 deep elf zephyrmancers
  3 phantasmal warriors
  23 wolf spiders
  10 salamanders
  2 wolf spiders (shapeshifter)
  10 orc sorcerers
  4 spectral radroaches (Spider:3)
  A mana viper (shapeshifter) (WizLab)
  3 shining eyes
  A cyclops (D:6)
  30 moths of wrath
  A tengu skeleton (Vaults:4)
  15 elephants
  A cyclops (shapeshifter) (WizLab)
  4 manticores
  4 will-o-the-wisps
  2 black mambas (Lair:5)
  A fire giant skeleton (D:15)
  4 rust devils (Depths:4)
  4 eyes of devastation
  12 vault sentinels
  A molten gargoyle (Depths:3)
  8 torpor snails
  16 cane toads
  2 dire elephant zombies (Crypt:2)
  A cane toad (shapeshifter) (WizLab)
  An orc skeleton (Crypt:2)
  2 smoke demons
  2 centaur skeletons
  2 orange demons
  27 demonic crawlers
  6 gargoyles
  A pale draconian zombie (Crypt:1)
  4 rime drakes
  A kobold demonologist (D:10)
  A hellion (Depths:2)
  8 komodo dragons
  3 efreet
  A sea snake zombie (Crypt:2)
  A swamp worm zombie (Crypt:1)
  A dire elephant skeleton (Crypt:2)
  4 unseen horrors (Depths:3)
  18 yaktaurs
  3 freezing wraiths
  An unseen horror (shapeshifter) (WizLab)
  3 tengu conjurers
  An anaconda simulacrum (Crypt:2)
  A rime drake (shapeshifter) (WizLab)
  A red draconian skeleton (Crypt:1)
  3 human skeletons
  A ghost moth simulacrum (Spider:3)
  A golden dragon simulacrum (Depths:2)
  3 guardian mummies (Zot:4)
  A yaktaur (shapeshifter) (WizLab)
  A bloated husk (Swamp:4)
  6 red devils (Crypt:3)
  3 meliai
  7 trolls
  2 polar bears
  5 tyrant leeches
  Prince Ribbit (D:7)
  2 queen bees (shapeshifter) (WizLab)
  A polar bear (shapeshifter) (WizLab)
  A harpy skeleton (Crypt:3)
  A broodmother simulacrum (Spider:3)
  A troll (shapeshifter) (WizLab)
  A sphinx simulacrum (Depths:2)
  19 hornets
  16 tarantellas
  A blink frog (shapeshifter) (WizLab)
  21 slime creatures
  A snapping turtle (shapeshifter) (Depths:3)
  2 ettin zombies
  A boulder beetle zombie (Crypt:1)
  3 hornets (shapeshifter) (WizLab)
  12 blink frogs
  2 human simulacra
  2 centaur simulacra
  7 dream sheep (Lair:4)
  28 jumping spiders
  9 vampires
  2 air elementals
  2 dire elephant simulacra (Crypt:2)
  A naga simulacrum (Crypt:2)
  2 black mamba zombies
  10 culicivoras
  A spriggan (shapeshifter) (WizLab)
  9 spriggans
  6 shadows
  2 wyverns
  52 yaks
  5 basilisks
  16 water elementals
  5 wraiths
  A wyvern (shapeshifter) (WizLab)
  6 fire elementals
  A neqoxec (D:2)
  A steam dragon (D:6)
  A human (D:14)
  14 vampire mosquitoes
  A yak (shapeshifter) (WizLab)
  5 golden eyes (Slime:1)
  48 redbacks
  2 elf simulacra (Vaults:4)
  An iron golem (WizLab)
  4 chaos spawn (Depths:3)
  A redback simulacrum (D:15)
  A yaktaur simulacrum (Vaults:4)
  2 acid dragons
  11 large abominations
  A tengu zombie (D:15)
  14 swamp worms
  2 hell hounds
  24 water moccasins
  A floating eye (shapeshifter) (WizLab)
  A naga skeleton (Crypt:2)
  6 floating eyes
  33 orc warriors
  A meliai simulacrum (D:13)
  14 swamp drakes
  5 ice beasts
  3 sky beasts
  A sky beast (shapeshifter) (WizLab)
  A black mamba simulacrum (Crypt:2)
  A spriggan simulacrum (Depths:2)
  A black bear (shapeshifter) (WizLab)
  A manticore zombie (Crypt:2)
  A radroach simulacrum (Spider:3)
  3 black bears
  3 boggarts (Vaults:2)
  A tengu (shapeshifter) (WizLab)
  8 ogres
  7 centaurs
  3 wolves (Lair:3)
  4 phantoms
  A rime drake zombie (Crypt:2)
  A manticore skeleton (Crypt:2)
  A lemure (D:8)
  9 small abominations
  A bullfrog (shapeshifter) (WizLab)
  2 human zombies
  5 kobold brigands
  21 scorpions
  A glowing shapeshifter simulacrum (Vaults:4)
  4 earth elementals
  12 bullfrogs
  2 necrophages (Vaults:3)
  6 wights
  13 killer bees
  7 howler monkeys
  4 jellies
  8 hounds
  25 orc priests
  5 iguanas
  2 gnoll boudas
  Ijyb (D:3)
  24 orc wizards
  11 hell rats
  Robin (D:3)
  10 gnolls
  15 adders
  2 shadow imps
  An ufetubus (D:5)
  An iguana skeleton (Crypt:1)
  A worm (D:3)
  3 dart slugs
  93 orcs
  6 ball pythons
  6 bats
  A bat skeleton (Crypt:2)
  2 endoplasms
  4 giant cockroaches
  15 goblins
  9 hobgoblins
  2 quokkas
  2 frilled lizards (D:1)
  21 kobolds
  3 rats
  6 ballistomycete spores
2303 creatures vanquished.

Vanquished Creatures (collateral kills)
  Mara (Vaults:3)
  Sojobo (Crypt:2)
  Saint Roka (Crypt:2)
  A curse toe (Zot:2)
  A Killer Klown (Zot:4)
  Margery (Crypt:2)
  A golden dragon (Depths:4)
  A bone dragon (Crypt:2)
  Rupert (Spider:1)
  A tentacled monstrosity (Zot:1)
  2 Orb Guardians (Zot:5)
  A titan (Zot:4)
  A quicksilver dragon (Zot:1)
  A storm dragon (Zot:4)
  2 draconian monks (Depths:4)
  A vault warden (Vaults:4)
  An emperor scorpion (Spider:4)
  A ghoul (Crypt:2)
  A draconian stormcaller (Zot:4)
  2 orc warlords (Vaults:3)
  A very ugly thing (Depths:3)
  A vampire knight (Crypt:1)
  2 green draconians
  A black draconian (Depths:4)
  7 purple draconians
  4 red draconians (Depths:4)
  2 white draconians
  An eidolon (Crypt:1)
  2 deep elf death magi (Crypt:1)
  A deep elf high priest (Zot:4)
  6 hydras (Swamp:4)
  A spriggan skeleton (Crypt:3)
  A death knight (Vaults:3)
  An azure jelly zombie (Crypt:1)
  2 death yaks
  2 spriggans
  A hell knight (Crypt:2)
  A steelbarb worm (Spider:4)
  A golden dragon skeleton (Crypt:1)
  A deep troll (Vaults:3)
  A deep elf archer (Elf:3)
  An iron giant skeleton (Crypt:3)
  2 ironbound convokers
  2 swamp dragons (Swamp:4)
  An orc knight (Vaults:3)
  3 wolf spiders (Spider:4)
  2 ugly things (Vaults:1)
  An orc sorcerer (Crypt:2)
  3 vault sentinels
  2 demonic crawlers
  A freezing wraith (Crypt:1)
  A hornet (Swamp:3)
  2 slime creatures (Vaults:3)
  A tyrant leech (Swamp:4)
  2 jumping spiders
  An ettin skeleton (Crypt:3)
  A wraith (Vaults:3)
  A redback (Spider:2)
  A swamp worm (Swamp:3)
  2 orc warriors (Crypt:2)
  2 swamp drakes (Swamp:4)
  An orc wizard (Crypt:2)
  288 ballistomycete spores
384 creatures vanquished.

Vanquished Creatures (others)
  An Orb Guardian (Zot:5)
  A fire giant (Depths:4)
  A deep elf elementalist (Elf:3)
  A tarantella (Spider:4)
  An orc warrior (Orc:2)
  An ufetubus (D:6)
  An orc (Elf:1)
  A goblin (D:3)
  23 ballistomycete spores
  16 foxfires
  26 fungi
  67 plants
  5 starspawn tentacles
  28 withered plants
173 creatures vanquished.

Grand Total: 2860 creatures vanquished

Notes
Turn   | Place    | Note
-------+----------+-------------------------------------------
     0 | D:1      | Twinkles the Gargoyle Hunter began the quest for the Orb.
     0 | D:1      | Reached XP level 1. HP: 12/12 MP: 1/1
    61 | D:1      | Reached XP level 2. HP: 18/18 MP: 2/2
   219 | D:1      | Found a faded altar of an unknown god.
   593 | D:2      | Reached XP level 3. HP: 20/22 MP: 3/3
   745 | D:2      | Reached XP level 4. HP: 25/27 MP: 4/4
   908 | D:2      | Found Uripseen's Antique Armour Emporium.
  1154 | D:3      | Noticed Ijyb
  1238 | D:3      | Killed Ijyb
  1239 | D:3      | Reached skill level 5 in Ranged Weapons
  1239 | D:3      | Reached XP level 5. HP: 23/32 MP: 5/5
  1304 | D:3      | Noticed Robin
  1470 | D:3      | Killed Robin
  1919 | D:3      | Reached XP level 6. HP: 37/37 MP: 6/6
  2349 | D:4      | Found the +7 staff of the Meek {protect, meekguard}
  2485 | D:4      | Reached XP level 7. HP: 43/43 MP: 7/7
  2487 | D:4      | Found a radiant altar of Vehumet.
  2635 | D:5      | Entered Level 5 of the Dungeon
  2655 | D:5      | Found an ornate altar of the Wu Jian Council.
  2897 | D:5      | Found a glowing golden altar of the Shining One.
  2921 | D:5      | Reached XP level 8. HP: 48/48 MP: 8/8
  2943 | D:5      | Reached skill level 5 in Fighting
  2943 | D:5      | Reached skill level 5 in Stealth
  2967 | D:5      | Found a shadowy altar of Dithmenos.
  3151 | D:5      | Found a staircase to the Ecumenical Temple.
  3158 | Temple   | Entered the Ecumenical Temple
  3229 | Temple   | Became a worshipper of Fedhas Madash
  3658 | D:6      | Found Lotoegieme's Book Shop.
  3765 | D:6      | Noticed a wyvern
  3991 | D:6      | Reached skill level 1 in Invocations
  4063 | D:6      | Reached skill level 1 in Throwing
  4230 | D:6      | Found a hazy altar of Hepliaklqana.
  4361 | D:6      | Reached XP level 9. HP: 45/55 MP: 10/10
  4364 | D:6      | Reached * piety under Fedhas
  4965 | D:6      | Noticed a cyclops
  5061 | D:7      | Found a white marble altar of Elyvilon.
  5302 | D:7      | Reached skill level 5 in Dodging
  5358 | D:7      | Found a stormy altar of Qazlal.
  5534 | D:7      | Reached ** piety under Fedhas
  5543 | D:7      | Reached skill level 1 in Staves
  5543 | D:7      | Reached XP level 10. HP: 61/61 MP: 13/13
  5593 | D:7      | Noticed Prince Ribbit
  5750 | D:7      | Found a sacrificial altar of Ru.
  6071 | D:8      | Found Xoylleuw's Weapon Shop.
  6080 | D:8      | Bought a +0 arbalest for 58 gold pieces
  6127 | D:8      | Noticed a two-headed ogre
  6182 | D:8      | Noticed a death yak
  6440 | D:8      | Reached skill level 5 in Invocations
  6513 | D:7      | Reached *** piety under Fedhas
  6618 | D:8      | Found a staircase to the Lair.
  6620 | D:8      | Noticed a death yak
  6642 | D:8      | Noticed a death yak
  6707 | D:8      | Killed a two-headed ogre
  7214 | D:9      | Noticed Amaemon
  7214 | D:9      | Noticed an orange demon
  7441 | D:9      | Reached XP level 11. HP: 28/68 MP: 15/15
  7442 | D:9      | HP: 16/68 [yak (12)]
  7623 | D:9      | Noticed Harold
  7797 | D:9      | Killed Amaemon
  7870 | D:9      | Found a staircase to the Orcish Mines.
  8132 | D:9      | Killed Harold
  8217 | D:10     | Entered Level 10 of the Dungeon
  8278 | D:10     | Reached skill level 10 in Ranged Weapons
  8313 | D:10     | Reached **** piety under Fedhas
  8464 | D:10     | Upgraded the game from 0.30-a0-371-gad7725a93e to
                  | 0.30-a0-373-gd37427bb62
  8774 | D:8      | Noticed a death yak
  8784 | D:8      | Killed a death yak
  8818 | D:8      | Killed a death yak
  8932 | D:8      | Killed a death yak
  9030 | D:8      | Noticed a death yak
  9037 | D:8      | Killed a death yak
  9037 | D:8      | Noticed a death yak
  9038 | D:8      | Reached skill level 5 in Staves
  9244 | D:8      | Noticed Pikel
  9264 | D:8      | Killed Pikel
  9307 | D:8      | Killed a death yak
  9308 | D:8      | Reached XP level 12. HP: 76/76 MP: 17/17
  9660 | D:8      | Killed a death yak
  9684 | Lair:1   | Entered Level 1 of the Lair of Beasts
 10815 | Lair:2   | Identified the +7 sling of the Hurting Saviour {antimagic,
                  | rC+ Dex+4}
 10866 | Lair:2   | Found a staircase to the Swamp.
 11166 | Lair:2   | Reached skill level 1 in Armour
 11941 | Lair:3   | Noticed an eight-headed hydra
 11952 | Lair:3   | Killed an eight-headed hydra
 12022 | Lair:2   | Reached skill level 10 in Fighting
 12137 | Lair:3   | Found a frozen archway.
 12143 | Lair:3   | Noticed an ice dragon
 12174 | Lair:3   | Reached ***** piety under Fedhas
 12329 | Lair:3   | Reached XP level 13. HP: 82/82 MP: 19/19
 12769 | Lair:3   | Identified the +6 falchion "Pijiatog" {freeze, rC+ Stlth+}
 12940 | Lair:3   | Found a hole to the Spider Nest.
 13453 | Lair:4   | Reached skill level 5 in Armour
 13601 | Lair:4   | Found a viscous altar of Jiyva.
 13601 | Lair:4   | Found a staircase to the Slime Pits.
 13750 | Lair:5   | Entered Level 5 of the Lair of Beasts
 14132 | Lair:5   | Gained mutation: Your large and strong wings let you fly.
                  | [Gargoyle growth]
 14132 | Lair:5   | Reached XP level 14. HP: 90/90 MP: 21/21
 14252 | Lair:5   | Reached skill level 10 in Invocations
 14370 | Lair:5   | Found a large runed translucent door.
 14997 | Lair:5   | Reached ****** piety under Fedhas
 15881 | Lair:5   | Found a large runed translucent door.
 15883 | Lair:5   | Noticed Laraso's ghost (journeyman DrTm)
 17405 | D:12     | Identified the +2 leather armour "Veuf" {rF+}
 17472 | D:12     | Found a shimmering blue altar of Sif Muna.
 17834 | D:12     | Identified the +3 broad axe "Xemodd" {drain, rN+ Int+2
                  | Dex-4 Stlth+}
 19070 | D:13     | Reached skill level 15 in Ranged Weapons
 19104 | D:13     | Reached XP level 15. HP: 96/96 MP: 23/23
 19731 | D:14     | Found a gate to the Vaults.
 19786 | D:14     | Found a hide-covered altar of Uskayaw.
 19876 | D:15     | Entered Level 15 of the Dungeon
 19911 | D:15     | Found a staircase to the Depths.
 20073 | Orc:1    | Entered Level 1 of the Orcish Mines
 20082 | Orc:1    | Noticed Urug
 20201 | Orc:1    | Killed Urug
 20579 | Orc:1    | Found Zagugruh's Self-Improvement Boutique.
 20704 | Orc:2    | Entered Level 2 of the Orcish Mines
 20872 | Orc:2    | Found a staircase to the Elven Halls.
 20878 | Orc:2    | Found Rtweiq's Retail Resort.
 21205 | Orc:2    | Found Ahosis's Distillery.
 21281 | Orc:2    | Found Ponk's General Store.
 22190 | Orc:2    | Paralysed by an orc sorcerer for 5 turns
 22783 | Orc:2    | Found Jirekout's Antique Armour Shop.
 22783 | Orc:2    | Found Voujaer's Book Boutique.
 22784 | Orc:2    | Found a one-way gate leading to the halls of Pandemonium.
 22810 | Orc:2    | Bought a pair of glowing boots for 247 gold pieces
 23075 | D:15     | Found Becohim's Armour Shop.
 23192 | D:15     | Reached skill level 10 in Dodging
 24427 | D:7      | Killed Prince Ribbit
 24695 | D:6      | Found a hazy altar of Hepliaklqana.
 24840 | D:6      | Found Lotoegieme's Book Shop.
 25401 | D:2      | Bought pitted acid dragon scales for 1260 gold pieces
 25401 | D:2      | Identified the +0 acid dragon scales of Fashionability
                  | {rCorr Int+2} (You bought it in a shop on level 2 of the
                  | Dungeon)
 25618 | Spider:1 | Entered Level 1 of the Spider Nest
 25647 | Spider:1 | Reached XP level 16. HP: 104/104 MP: 25/25
 25762 | Spider:1 | Noticed Roxanne
 25961 | Spider:1 | Found a transporter.
 25976 | Spider:1 | Found a transporter.
 26198 | Spider:1 | Noticed Jorgrun
 26270 | Spider:1 | HP: 30/104 [emperor scorpion (5)]
 26273 | Spider:1 | HP: 4/104 [Jorgrun/Lee's Rapid Deconstruction (30)]
 26402 | Swamp:1  | Entered Level 1 of the Swamp
 26501 | Swamp:1  | You are sucked into a shaft and drop 1 floor!
 26595 | Swamp:2  | Reached skill level 10 in Armour
 27671 | Swamp:1  | Identified the +1 pair of boots of Exclusion {rF+ Will+
                  | Int+2}
 28613 | Swamp:3  | Noticed a fenstrider witch
 28641 | Swamp:3  | Paralysed by a fenstrider witch for 3 turns
 28644 | Swamp:3  | Killed a fenstrider witch
 28800 | Swamp:4  | Entered Level 4 of the Swamp
 28885 | Swamp:4  | Reached XP level 17. HP: 112/112 MP: 27/27
 29550 | Swamp:4  | Noticed the 27-headed Lernaean hydra
 29555 | Swamp:4  | Killed the 27-headed Lernaean hydra
 29556 | Swamp:4  | Reached skill level 15 in Fighting
 29756 | Swamp:4  | Got a decaying rune of Zot
 30162 | Spider:1 | Killed Jorgrun
 30336 | Spider:1 | Killed Roxanne
 30432 | Spider:1 | Noticed Mlioglotl
 30432 | Spider:1 | Noticed Rupert
 32564 | Spider:2 | HP: 26/114 [spore (26)]
 33559 | Spider:1 | Killed Rupert
 33624 | Spider:1 | Noticed a tentacled starspawn
 33646 | Spider:1 | Noticed a tentacled starspawn
 33658 | Spider:2 | Killed Mlioglotl
 33659 | Spider:2 | Reached skill level 15 in Invocations
 33659 | Spider:2 | Reached XP level 18. HP: 93/120 MP: 20/29
 34923 | Spider:2 | HP: 6/120 [radroach (40)]
 34926 | Spider:2 | Gained mutation: Your spells are a little easier to cast,
                  | but a little less powerful. [mutagenic glow]
 34944 | Spider:2 | Gained mutation: You are vulnerable to cold. (rC-)
                  | [mutagenic glow]
 35293 | Swamp:3  | Lost mutation: You are vulnerable to cold. (rC-) [potion of
                  | mutation]
 35293 | Swamp:3  | Lost mutation: Your spells are a little easier to cast, but
                  | a little less powerful. [potion of mutation]
 35293 | Swamp:3  | Gained mutation: Your magical capacity is low. (-10% MP)
                  | [potion of mutation]
 35293 | Swamp:3  | Gained mutation: You have sharp fingernails. [potion of
                  | mutation]
 38682 | Spider:3 | Found a runed translucent gate.
 38682 | Spider:3 | Found a runed translucent gate.
 38683 | Spider:3 | Found a runed translucent gate.
 38685 | Spider:3 | Noticed jfcaron's ghost (adept MeFi)
 38950 | Spider:4 | Entered Level 4 of the Spider Nest
 40704 | Spider:4 | Reached XP level 19. HP: 120/127 MP: 27/27
 41027 | Spider:4 | Identified the +3 hat of Boredom {Harm rPois Regen+ Dex-2}
 41046 | Spider:4 | Got a gossamer rune of Zot
 41328 | Vaults:1 | Entered Level 1 of the Vaults
 42366 | Vaults:1 | Noticed Aizul
 42375 | Vaults:1 | Killed Aizul
 43691 | Vaults:1 | HP: 38/128 [yaktaur/bolt[a yaktaur captain] (20)]
 44839 | Vaults:1 | HP: 15/128 [white very ugly thing (25)]
 46334 | Vaults:2 | Found Tatief's General Store.
 46368 | Vaults:2 | Identified the +6 long sword "Yskef" {holy, +Blink rF+
                  | rCorr Str+4}
 46611 | Vaults:2 | HP: 21/128 [yaktaur captain (26)]
 48178 | Vaults:3 | Found Wyusch's Assorted Antiques.
 48337 | Vaults:3 | Noticed Nikola
 48500 | Vaults:3 | Found a magical portal.
 48523 | WizLab   | Entered Cigotuvi's Fleshworks
 48819 | WizLab   | Reached XP level 20. HP: 126/136 MP: 29/29
 49092 | WizLab   | Identified the ring "Aryoc" {+Blink rC- Will+ Str+4}
 49599 | WizLab   | Got Cigotuvi's Directory of Evolution and Malignant Secrets
 50141 | Vaults:3 | Noticed Mara
 50210 | Vaults:3 | Killed Nikola
 50231 | Vaults:3 | Killed Mara
 50302 | Vaults:3 | Paralysed by a great orb of eyes for 4 turns
 51457 | Vaults:3 | Identified the +4 glaive "Dyitice" {freeze, Int+4}
 52743 | Vaults:3 | Found a staircase to the Crypt.
 53573 | Vaults:4 | Found Iplas's Antique Weapon Shop.
 53983 | Vaults:4 | Reached XP level 21. HP: 90/142 MP: 26/30
 55010 | Elf:1    | Entered Level 1 of the Elven Halls
 55080 | Elf:1    | Paralysed by an air elemental for 1 turns
 55087 | Elf:1    | Paralysed by an air elemental for 1 turns
 55093 | Elf:1    | Paralysed by an air elemental for 1 turns
 55255 | Elf:1    | Identified the +2 robe "Pecwijob" {rCorr Dex+3}
 55552 | Elf:1    | Found a runed translucent gate.
 55552 | Elf:1    | Found a runed translucent gate.
 55552 | Elf:1    | Found a runed translucent gate.
 55552 | Elf:1    | Found a runed translucent gate.
 55552 | Elf:1    | Found a runed translucent gate.
 55554 | Elf:1    | Found a runed translucent gate.
 55986 | Elf:1    | Found Jiwad's Antique Weapon Shop.
 55994 | Elf:1    | Bought a shimmering quarterstaff for 315 gold pieces
 55994 | Elf:1    | Identified the +4 quarterstaff of the Big Fish {spect,
                  | Will+ SInv} (You bought it in a shop on level 1 of the
                  | Elven Halls)
 56440 | Elf:2    | Noticed Azrael
 56450 | Elf:1    | Killed Azrael
 56704 | Elf:2    | Found a runed translucent gate.
 56704 | Elf:2    | Found a runed translucent gate.
 56706 | Elf:2    | Found a runed translucent gate.
 56771 | Elf:2    | Identified the +1 ring mail of the Falcon {rF+}
 57928 | Elf:2    | Reached skill level 15 in Dodging
 58289 | Elf:3    | Entered Level 3 of the Elven Halls
 59110 | Elf:3    | Found Reimid's Armour Boutique.
 59685 | Elf:3    | Identified the ring of Yredelemnul's Whim {Ice Int+5}
 60151 | Elf:3    | Noticed Bai Suzhen
 60176 | Elf:3    | Killed Bai Suzhen
 60864 | Elf:3    | Reached XP level 22. HP: 133/150 MP: 10/31
 61221 | Elf:3    | Identified the +8 morningstar of Infection {vorpal, rN+}
 61763 | Elf:3    | Got the Folio of Combat Magic and the Glacier
 61836 | Elf:3    | Identified the +1 leather armour "Pymino" {Str+4 Int+4}
 62735 | Elf:3    | Found the +0 staff of Battle
 62862 | Elf:3    | Got the Discourse on Translocation
 62902 | Elf:3    | Got Caysawniur's Parchment of the Map
 62909 | Elf:3    | Learned a level 3 spell: Portal Projectile
 62909 | Elf:3    | Upgraded the game from 0.30-a0-373-gd37427bb62 to
                  | 0.30-a0-374-g95c0257040
 63256 | Depths:1 | Entered Level 1 of the Depths
 63352 | Depths:1 | Found a one-way gate to the infinite horrors of the Abyss.
 63361 | Depths:1 | Found a runed translucent door.
 63361 | Depths:1 | Found a shimmering altar of Xom.
 63361 | Depths:1 | Noticed Tuashofa's ghost (adept FeVM)
 63411 | Depths:1 | Identified the +2 war axe of Arbitration {antimagic, Int+4
                  | Dex+5}
 63431 | Depths:1 | Reached skill level 1 in Hexes
 63484 | Depths:1 | Identified a scroll of acquirement
 63507 | Depths:1 | Reached skill level 1 in Transmutations
 63627 | Depths:1 | Found a broken altar of Ashenzari.
 64222 | Depths:1 | Found a gateway to Hell.
 64242 | Depths:1 | Found a glowing golden altar of the Shining One.
 64986 | Depths:1 | Reached skill level 5 in Hexes
 65344 | Depths:1 | Reached skill level 5 in Transmutations
 65779 | Depths:2 | Noticed Asterion
 66315 | Depths:2 | Killed Asterion
 66356 | Depths:2 | Identified the ring of Civuolem {rF+ Will++ Str+5 Int-5}
 67002 | Depths:2 | Reached XP level 23. HP: 156/156 MP: 32/32
 67179 | Depths:2 | Noticed a golden dragon
 67365 | Depths:2 | Noticed a golden dragon
 67638 | Depths:2 | Killed a golden dragon
 67695 | Depths:2 | Killed a golden dragon
 68296 | Depths:2 | Found the +3 pair of mountain boots {steadfast, rC+}
 69449 | Depths:3 | Found Saufuic's Antique Weapon Shoppe.
 69816 | Depths:3 | Found a one-way gateway to a ziggurat.
 71738 | Depths:3 | Reached skill level 15 in Armour
 71943 | Depths:3 | Found a blossoming altar of Fedhas.
 72221 | Depths:4 | Entered Level 4 of the Depths
 72333 | Depths:4 | Noticed a juggernaut
 72342 | Depths:4 | Killed a juggernaut
 72620 | Depths:4 | Reached XP level 24. HP: 136/163 MP: 32/32
 73518 | Depths:4 | Identified the +9 longbow "Afrie" {freeze, Str+3 Int+3}
 74635 | Depths:4 | Found a gate to the Realm of Zot.
 74984 | Depths:4 | Noticed a juggernaut
 75003 | Depths:4 | Killed a juggernaut
 75155 | Depths:4 | Identified the ring of the Ancient Violins {Wiz rPois rC-
                  | rN+ Str+3}
 75594 | Slime:1  | Entered Level 1 of the Pits of Slime
 75730 | Slime:3  | Acquired a manual of Stealth
 75739 | Slime:5  | Entered Level 5 of the Pits of Slime
 76172 | Slime:5  | Noticed the Royal Jelly
 76195 | Slime:5  | Killed the Royal Jelly
 76585 | Slime:4  | HP: 43/164 [rockslime[the Royal Jelly] (29)]
 77557 | Slime:5  | Found the +7 Singing Sword {vorpal, sonic wave}
 77560 | Slime:5  | Got Sif Muna's Vellum of Incandescence
 77563 | Slime:5  | Identified the +5 chain mail of Action {rC+ Str+4 SInv}
 77564 | Slime:5  | Identified the +3 plate armour of Guterouj {rPois Regen+
                  | Str+3}
 77599 | Slime:5  | Got the Codex of the Winter and Apparitions
 77626 | Slime:5  | Got a slimy rune of Zot
 77653 | Slime:5  | Identified the +1 robe of the Iron City of Dis {-Cast
                  | Will++ Regen+}
 77654 | Slime:5  | Identified the +10 plate armour "Sewnubue" {rPois rF-
                  | Will++ Stlth+}
 77665 | Slime:5  | Identified the amulet of Conversion {Spirit +Blink Str+3}
 77774 | Slime:5  | Reached XP level 25. HP: 149/169 MP: 33/33
 78267 | Crypt:1  | Entered Level 1 of the Crypt
 79087 | Crypt:1  | Reached skill level 10 in Stealth
 79984 | Crypt:2  | Noticed Grunn
 79985 | Crypt:2  | Noticed Margery
 80087 | Crypt:2  | Killed Grunn
 80653 | Crypt:2  | Killed Margery
 80660 | Crypt:2  | Noticed Sojobo
 80670 | Crypt:2  | Killed Sojobo
 81197 | Crypt:2  | Noticed Saint Roka
 81212 | Crypt:2  | Killed Saint Roka
 82139 | Crypt:3  | Entered Level 3 of the Crypt
 83179 | Crypt:3  | Identified the +3 ring mail of Foriehoo {Harm rF++ Will+
                  | Dex+3 Stlth+}
 83669 | Crypt:3  | Reached XP level 26. HP: 153/178 MP: 28/33
 83920 | Crypt:3  | Found a staircase to the Tomb.
 84150 | Crypt:3  | Found the +13 scythe of Curses {drain, Drain}
 84882 | Crypt:3  | Identified the ring "Yzxoig" {rElec rN+ rCorr Dex-3 Stlth+}
 84882 | Crypt:3  | Identified the ring "Biquz" {*Slow rN+ rCorr SInv}
 85390 | Spider:3 | Killed jfcaron's ghost
 85420 | Spider:3 | Reached skill level 1 in Translocations
 85499 | Spider:3 | Identified the +4 pair of boots "Zaxzoimo" {Harm +Blink rC+
                  | Int-5}
 85804 | Lair:5   | Killed Laraso's ghost
 86182 | Vaults:2 | Bought a scroll of teleportation for 51 gold pieces
 86522 | Zot:1    | Entered Level 1 of the Realm of Zot
 87704 | Zot:1    | Reached skill level 10 in Hexes
 89206 | Zot:2    | Found a runed translucent door.
 89207 | Zot:2    | Found a shimmering altar of Xom.
 89207 | Zot:2    | Noticed KennySheep's ghost (veteran OgCj)
 89207 | Zot:2    | Identified the +9 demon trident "Bingo" {chaos, Str+3
                  | Int+4}
 90335 | Zot:3    | Reached skill level 10 in Staves
 91282 | Zot:3    | Reached XP level 27. HP: 177/186 MP: 30/34
 92002 | Zot:3    | Learned a level 2 spell: Wereblood
 92415 | Zot:4    | Noticed an orb of fire
 92437 | Zot:4    | Killed an orb of fire
 94350 | Zot:4    | Identified the +9 hand axe "Zyeczor" {venom, SInv}
 94617 | Zot:5    | Entered Level 5 of the Realm of Zot
 96753 | Orc:2    | Bought a scroll of enchant weapon for 105 gold pieces
 96753 | Orc:2    | Bought a potion of haste for 140 gold pieces
 96764 | Orc:2    | Bought a potion of mutation for 96 gold pieces
 96764 | Orc:2    | Bought a potion of cancellation for 96 gold pieces
 97186 | Zot:5    | Noticed a dread lich
 97202 | Zot:5    | Killed a dread lich
 97541 | Zot:5    | Noticed an orb of fire
 98700 | Zot:4    | Killed an orb of fire
 99732 | Zot:5    | Noticed a dread lich
 99753 | Zot:5    | Killed a dread lich
100489 | Zot:5    | Noticed an ancient lich
100495 | Zot:5    | Noticed an ancient lich
100496 | Zot:5    | Noticed an orb of fire
100519 | Zot:5    | Killed an ancient lich
100538 | Zot:5    | Killed an orb of fire
101062 | Zot:5    | Reached skill level 15 in Stealth
101174 | Zot:5    | Noticed a dread lich
101178 | Zot:5    | Killed an ancient lich
101200 | Zot:5    | Killed a dread lich
101337 | Zot:5    | Noticed an ancient lich
101351 | Zot:5    | Killed an ancient lich
101799 | Zot:5    | Noticed a dread lich
102005 | Zot:5    | Noticed a dread lich
102030 | Zot:5    | Killed a dread lich
102422 | Zot:5    | Killed a dread lich
103451 | Zot:5    | Got the Orb of Zot
103804 | D:12     | Noticed Muheet the pandemonium lord
104063 | D:1      | Lost mutation: Your magical capacity is low. (-10% MP)
                  | [potion of mutation]
104063 | D:1      | Lost mutation: You have sharp fingernails. [potion of
                  | mutation]
104063 | D:1      | Gained mutation: You are weak. (Str -2) [potion of
                  | mutation]
104064 | D:1      | Lost mutation: You are weak. (Str -2) [potion of mutation]
104064 | D:1      | Gained mutation: You have a somewhat thin skeletal
                  | structure. (Dex +2, Stealth+) [potion of mutation]
104064 | D:1      | Gained mutation: You passively dampen the noise of your
                  | surroundings. [potion of mutation]
104066 | D:$      | Escaped with the Orb!

Illustrated notes

Levels and vault maps discovered:
D:1:      scummos_arrival_simple_fountains, layout_loops_ring,
          ebering_ecumenical_altar_sacrificial
D:2:      layout_rooms, serial_shops, nicolae_shop_overgrown_old_shop
D:3:      layout_basic, fountainhead, st_stairs_4, minmay_cupped, uniq_robin,
          uniq_ijyb
D:4:      layout_rooms, overflow_temple_1_default, pf_guarded_unrand_meek
D:5:      layout_basic, lemuel_tele_altar, mainiacjoe_overflow_brackets,
          mainiacjoe_overflow_concentric_impassable,
          minmay_temple_entry_metal_lava
D:6:      minmay_bubble_buster, layout_basic, mainiacjoe_overflow_chevrons,
          serial_shops, nicolae_shop_stone, grunt_potential
D:7:      layout_gridville, nicolae_ru_path_of_blood,
          nicolae_qazlal_style_of_elements, elyvilon_altar_4,
          uniq_prince_ribbit1
D:8:      layout_basic, dpeg_lair_monsters, serial_shops, shop,
          minmay_unpleasant_kobolds, uniq_pikel
D:9:      nicolae_BIG_FREAKIN_CUBE, layout_basic, david_orc_2, serial_curves,
          eino_curves_01, eino_curves_04, eino_curves_02, eino_curves_03,
          uniq_amaemon, uniq_harold
D:10:     layout_cave_pools
D:11:     layout_loops_ring
D:12:     layout_irregular_city, led_sif_pool
D:13:     layout_loops_cross, argonaut_gorgonesque
D:14:     layout_cave_pools, grunt_vaults_entry_fortified, nicolae_two_hexagons,
          nicolae_uskayaw_en_pointe
D:15:     gammafunk_depths_entry_grave, layout_grid_maze, serial_glass,
          glass_columns_b, glass_columns_c, glass_columns_b, glass_columns_b,
          glass_columns_a, glass_columns_a, serial_shops, nicolae_diamond_shop,
          minivault_19, st_stairs_14
Temple:   eino_temple_lava
Lair:1:   layout_long_grid, beast_lair_carwin_7
Lair:2:   layout_cave_pods, swamp_mist_pool, beast_lair_carwin_1,
          infiniplex_staircase_pool_2
Lair:3:   layout_chaotic_city, nicolae_spider_entry_orb_guardian,
          portal_ice_cave_entry_animals_and_master, cheibrodos_lair_reptile_den,
          lemuel_fruit_tree
Lair:4:   layout_cave_shapes, dpeg_slime_entry_enclosed
Lair:5:   evilmike_catoblepas_cave, layout_hall_layers,
          ebering_ghost_disaster_area, lemuel_old_faithful
Swamp:1:  layout_basic_swamp, evilmike_swamp_ruin_house_6
Swamp:2:  layout_falls_marsh, nicolae_swamp_oxbows, nicolae_swamp_drake_lake
Swamp:3:  nicolae_swamp_standing_stones, layout_falls_marsh,
          evilmike_swamp_ruin_house_3, swamp_pool5
Swamp:4:  swamp_old_school, layout_basic_swamp
Spider:1: gammafunk_sealed_arena, nicolae_spider_scorpion_nest,
          hangedman_spider_tarantella_strand, uniq_mlioglotl, uniq_roxanne,
          uniq_jorgrun, uniq_rupert
Spider:2: hangedman_creepy_crawlies
Spider:3: layout_spider_delve, gammafunk_ghost_necromancy,
          nicolae_spider_not_touching_you
Spider:4: grunt_spider_rune_island, drop_trap, nicolae_crawler_farm
Slime:1:  layout_caves
Slime:2:  layout_caves
Slime:3:  layout_caves, cheibrodos_slime_lost_civilization_5, uniq_dissolution
Slime:4:  nicolae_slime_jelly_donut, layout_caves
Slime:5
Orc:1:    layout_caves, nicolae_shop_self_help, uniq_urug
Orc:2:    pf_orc_diabolical, layout_diamond_mine, nicolae_alphabet_shops,
          guppyfry_library_mini
Elf:1:    elf_arrival_001, layout_onion_city, serial_shops,
          nicolae_shop_competitors_out_of_business, orc_legates
Elf:2:    nicolae_elf_blades_splatter_lattice [grunt_blade_entry_basic],
          layout_gridlike, serial_corexii_hall, corexii_hall_statues_t,
          corexii_hall_statues_t, corexii_hall_statues_u, uniq_azrael
Elf:3:    nooodl_elf_gasket, layout_geoelf_castle, serial_shops, shop,
          uniq_bai_suzhen
Vaults:1: grunt_vaults_funnel, grunt_vaults_hallway_short, v_misc_1,
          grunt_vaults_hallway_long, vaults_room_door_hall, vaults_room_corners,
          nicolae_vaults_sealed_display, v_misc_30, v_misc_8,
          nicolae_vaults_little_ls, vaults_room_fancy_cross,
          nicolae_vaults_little_squares_3, nicolae_vaults_little_squares_4,
          layout_vaults_maze_snakey, uniq_aizul
Vaults:2: vaults_mumra_chevron_long, hangedman_vaults_maws,
          hangedman_vaults_unwind, st_squares, v_misc_13,
          ontoclasm_vaults_loading_screen, nicolae_vaults_shelves_hall,
          v_misc_19, v_misc_19, hangedman_vaults_corner_blocks,
          vaults_mumra_hexcomb, nicolae_vaults_mini_display_case,
          vaults_room_pool, layout_vaults_ring, serial_shops, shop
Vaults:3: infiniplex_enter_wizlab_glasses, v_misc_12, hangedman_vaults_stream,
          nicolae_vaults_rhombus_6, ontoclasm_vaults_spin,
          nicolae_vaults_little_squares_1, v_misc_1, blue_anna_dwarven_crypt,
          hangedman_vaults_corner, vaults_room_hallway,
          ontoclasm_vaults_gateway, layout_vaults_omnibox, serial_shops,
          nicolae_square_shop, uniq_nikola, uniq_mara
Vaults:4: vaults_dpeg_cross, vaults_room_boxed, grunt_vaults_bifocal,
          nicolae_vaults_fighting_squares, grunt_vaults_twisty,
          nicolae_vaults_yaktaur_gun_rack, ontoclasm_vaults_fault,
          hangedman_vaults_restitches, vaults_room_fancy_cross,
          layout_vaults_omnigrid, serial_shops, shop
Crypt:1:  layout_chaotic_city
Crypt:2:  hangedman_staggered_hall, layout_regular_city, uniq_margery,
          uniq_grunn, uniq_sojobo, uniq_saint_roka
Crypt:3:  quadcrypt_mu
Depths:1: layout_basic, abyss_entry, hell_entry, ebering_ghost_xom, tso_altar,
          evilmike_ruin_ashenzari
Depths:2: kennysheep_large_vault, layout_cave_pools, pan_entry,
          nicolae_hell_entry_hellmouth_sunbeams, uniq_asterion
Depths:3: minmay_open_boxes_in_corner, layout_basic, enter_ziggurat_f,
          minmay_room_of_horrors, serial_shops,
          nicolae_shop_temple_entry_statues_fountains, hangedman_coc_ice_floe,
          minmay_staircase_bubble, fedhas_altar_fruit_tree
Depths:4: lemuel_castle_with_subvaults [lemuel_castle_interior_original],
          layout_honeycomb, pf_vacation_house_of_asmodeus, minmay_metal_thing
Zot:1:    layout_misc_corridors
Zot:2:    layout_onion_interference, ebering_ghost_xom
Zot:3:    layout_gridville, grunt_megastairs_2
Zot:4:    hangedman_zot_vaults_quadrants, layout_cathedral_of_symmetry
Zot:5:    layout_twisted_circle

Skill      XL: |  1  2  3  4  5  6  7  8  9 10 11 12 13 14 15 16 17 18 19 20 21 22 23 24 25 26 27 |
---------------+----------------------------------------------------------------------------------+-----
Dodging        | 2 3 4 5 6 7 8 9 10 11 12 13 14 15 16 17 | 17.1
Stealth        | 2 3 4 5 7 8 9 10 13 15 | 15.0
Fighting       | 3 4 5 6 7 9 10 11 12 13 14 15 16 17 18 19 20 21 22 24 | 24.9
Ranged Weapons | 5 6 7 8 9 10 12 13 15 16 17 18 19 20 21 22 | 22.0
Invocations    | 2 4 5 7 8 9 11 12 13 15 16 17 18 19 20 21 24 | 24.2
Throwing       | 1 3 |  3.2
Staves         | 1 3 5 6 7 8 9 10 14 | 14.0
Armour         | 3 5 7 9 10 11 13 14 15 16 18 20 | 20.0
Hexes          | 6 9 10 | 10.1
Transmutations | 6 8 |  8.7
Translocations | 3 |  3.3

Action                   |  1- 3 |  4- 6 |  7- 9 | 10-12 | 13-15 | 16-18 | 19-21 | 22-24 | 25-27 || total
-------------------------+-------+-------+-------+-------+-------+-------+-------+-------+-------++-------
Melee: Trident           |       |     4 |       |       |       |       |       |       |       ||     4
       Quarterstaff      |       |     1 |   242 |   496 |   963 |  1006 |   258 |    13 |       ||  2979
       Demon whip        |       |       |       |       |       |   129 |     4 |       |       ||   133
       Punch             |       |       |       |       |       |     5 |       |       |       ||     5
       Lajatang          |       |       |       |       |       |       |    26 |    72 |   237 ||   335
 Fire: Shortbow          |    74 |   208 |   110 |     9 |       |       |       |       |       ||   401
       Arbalest          |       |       |       |   246 |   770 |   972 |  1508 |   118 |       ||  3614
       Sling             |       |       |       |     2 |       |       |    53 |    54 |     4 ||   113
       Longbow           |       |       |       |       |       |       |       |  2009 |  2995 ||  5004
Throw: Dart              |       |       |       |     6 |     2 |     1 |       |       |       ||     9
 Cast: Portal Projectile |       |       |       |       |       |       |       |     4 |    10 ||    14
Invok: Wall of Briars    |       |       |       |     5 |     2 |     8 |    14 |     6 |    12 ||    47
       Grow Ballistomyce |       |       |       |     1 |     8 |    23 |    17 |    12 |    17 ||    78
       Grow Oklob        |       |       |       |       |     3 |     8 |    12 |     4 |    18 ||    45
       Overgrow          |       |       |       |       |       |       |       |       |     2 ||     2
Evoke: Wand              |       |       |       |       |       |       |       |       |     5 ||     5
  Use: Scroll            |       |     4 |     4 |    15 |     5 |     3 |     6 |    26 |    26 ||    89
       Potion            |       |       |       |       |     3 |     5 |     1 |     4 |    16 ||    29
 Stab: Sleeping          |       |       |       |     1 |       |       |       |       |       ||     1
       Petrified         |       |       |       |       |    11 |       |       |       |       ||    11
       Petrifying        |       |       |       |       |     1 |       |       |       |       ||     1
       Confused          |       |       |       |       |       |     2 |       |       |       ||     2
       Distracted        |       |       |       |       |       |     6 |     7 |     1 |     3 ||    17
Armor: Leather armour    |    19 |     1 |       |       |       |       |       |       |       ||    20
       Ring mail         |       |    68 |   121 |    71 |       |       |       |       |       ||   260
       Acid dragon scale |       |       |       |   214 |   482 |   319 |       |       |       ||  1015
       Pearl dragon scal |       |       |       |       |       |   962 |   663 |   566 |  1096 ||  3287
Dodge: Dodged            |    30 |    76 |   246 |   759 |  1291 |  2167 |  1074 |   918 |  1501 ||  8062

Table legend: (Time is in decaauts)
 A = Elapsed time spent in this place.
 B = Non-inter-level travel time spent in this place.
 C = Inter-level travel time spent in this place.
 D = Time resting spent in this place.
 E = Time spent auto-exploring this place.
 F = Levels seen in this place.
 G = Mean time per level.
                   A        B        C        D        E       F      G
               +--------+--------+--------+--------+--------+-----+--------+
         Total | 103671 |  84719 |  18952 |  20074 |  39123 |  56 | 1851.3 |
       Dungeon |  19552 |  15093 |   4459 |   1562 |   9563 |  15 | 1303.5 |
        Temple |     80 |     58 |     22 |      0 |     49 |   1 |   80.0 |
          Lair |   8360 |   6772 |   1588 |    995 |   3592 |   5 | 1672.0 |
         Swamp |   4190 |   3061 |   1129 |    186 |   1655 |   4 | 1047.5 |
   Spider Nest |  11323 |   9964 |   1359 |   2749 |   3933 |   4 | 2830.8 |
    Slime Pits |   2198 |   1587 |    611 |    987 |    137 |   5 |  439.6 |
  Orcish Mines |   2922 |   2548 |    374 |    621 |   1029 |   2 | 1461.0 |
   Elven Halls |   8485 |   6791 |   1694 |   1894 |   2644 |   3 | 2828.3 |
        Vaults |  12052 |  10595 |   1457 |   2846 |   4815 |   4 | 3013.0 |
         Crypt |   6108 |   5534 |    574 |    954 |   3289 |   3 | 2036.0 |
        Depths |  12462 |  10251 |   2211 |   2544 |   4641 |   4 | 3115.5 |
           Zot |  14419 |  10948 |   3471 |   4424 |   3669 |   5 | 2883.8 |
        Wizlab |   1514 |   1514 |      0 |    307 |    105 |   1 | 1514.0 |
               +--------+--------+--------+--------+--------+-----+--------+

Top non-repeatable levels by time:
Spider:2: 5829 daAuts
   Elf:3: 4930 daAuts
   Zot:4: 4780 daAuts
   Zot:5: 4289 daAuts
Depths:2: 3747 daAuts
Vaults:2: 3573 daAuts
Vaults:1: 3417 daAuts
Depths:4: 3338 daAuts
Vaults:3: 3185 daAuts
Depths:1: 2788 daAuts
  Lair:5: 2777 daAuts
 Crypt:3: 2702 daAuts
Depths:3: 2588 daAuts
Spider:3: 2341 daAuts
     D:6: 2316 daAuts
